 Dungeon Crawl Stone Soup version 0.32-a0-918-g0f22ef8d61 (webtiles) character file.

Game seed: 1876879449082816240

29 Revguard the Trooper (level 3, 0/23 HPs)
             Began as a Gargoyle Fighter on Apr 11, 2024.
             Slain by Sigmund
             ... wielding a +5 scythe of venom
              (10 damage)
             ... on level 2 of the Dungeon.
             The game lasted 00:01:46 (1137 turns).

Revguard the Trooper (Gargoyle Fighter)             Turns: 1137, Time: 00:01:47

Health: 0/23       AC: 10    Str: 19    XL:     3   Next: 16%
Magic:  3/3        EV:  8    Int:  8    God:
Gold:   124        SH:  4    Dex: 11    Spells: 2/2 levels left

rFire   . . .        a - +0 long sword
rCold   . . .        c - +0 buckler
rNeg    + . .        b - +0 scale mail
rPois   ∞            (no helmet)
rElec   +            (no cloak)
rCorr   .            (no gloves)
SInv    .            (no boots)
Will    .....        (no amulet) Stlth
                     (no ring)
HPRegen 0.23/turn    (no ring)
MPRegen 0.08/turn

%: no passive effects
@: mighty
A: sickness immunity, AC +3, negative energy resistance 1, electricity
resistance, torment resistance 1, petrification resistance
a: no special abilities


You were on level 2 of the Dungeon.
You visited 1 branch of the dungeon, and saw 2 of its levels.

You collected 124 gold pieces.

Inventory:

Hand Weapons
 a - a +0 long sword (weapon)
Armour
 b - a +0 scale mail (worn)
 c - a +0 buckler (worn)
Scrolls
 e - a scroll of identify {unknown}
 f - a scroll of enchant weapon {unknown}


   Skills:
 + Level 3.5 Fighting
 + Level 2.1 Long Blades
 + Level 3.4 Armour
 + Level 0.3 Dodging
 + Level 3.4 Shields
 + Level 0.9 Invocations
 + Level 0.5 Evocations


You had 2 spell levels left.
You didn't know any spells.
Your spell library contained the following spells:

 Spells                   Type           Power      Damage    Failure   Level
 Apportation              Tloc           0%         N/A       85%         1
 Jinxbite                 Hex            0%         N/A       94%         2
 Summon Ice Beast         Ice/Summ       0%         N/A       99%         3
 Alistair's Intoxication  Alch           0%         N/A       100%        5
 Summon Mana Viper        Hex/Summ       0%         N/A       100%        5
 Monstrous Menagerie      Summ           0%         N/A       100%        7


Dungeon Overview and Level Annotations

Branches:
Dungeon (2/15)

Altars:

Annotations:
D:2 Sigmund


Innate Abilities, Weirdness & Mutations

You are immune to sickness and miasma.
Your stone body is resilient. (AC +3)
You are immune to poison.
You resist negative energy. (rN+)
You are resistant to electric shocks. (rElec)
You are resistant to unholy torment.
You are immune to petrification.


Message History

The ball python constricts you. The ball python bites you.
The ball python constricts you.
You hit the ball python.
You kill the ball python!
Items here: ( ) ††.
You now have 121 gold pieces (gained 5).
You now have 124 gold pieces (gained 3).
Items here: ( ) ††.
You see here a rat corpse.
There is a stone staircase leading down here.
Done exploring.
Done exploring.
Okay, then.
There is a stone staircase leading down here.
You climb downwards.
Found 5 gold pieces.
There is a stone staircase leading up here.
A frilled lizard comes into view.
The frilled lizard hisses angrily.
Sigmund the Dreaded comes into view.
He is wielding a +5 scythe of venom.
Sigmund shouts!
You hear a loud squeak.
You feel very mighty all of a sudden.
A rat comes into view.
The rat squeaks loudly.
An endoplasm comes into view.
You slash the frilled lizard!
You kill the frilled lizard!
A ball python comes into view.
Sigmund hits you from afar with a +5 scythe of venom!
Ouch! That really hurt!
Found 6 poisoned darts.
The rat closely misses you.
You see here a frilled lizard corpse.
You slash the rat!
You kill the rat!
Sigmund closely misses you.
You closely miss Sigmund.
Sigmund screams, "I am the angel of ZOT!!!"
Sigmund hits you with a +5 scythe of venom!
You die...
Sigmund begins carving another notch in his scythe.

.. .. ...
.# ....
#.## ..#
..( ... ..
#S##. #.@†#
#@## #..#
##.###
#..<##
......##..#
...... ##.#
...... ...
......
.....
......
##$....


You could see Sigmund and a ball python.

Vanquished Creatures
  A dart slug (D:1)
  An endoplasm (D:1)
  4 goblins (D:1)
  4 hobgoblins (D:1)
  A quokka (D:1)
  5 ball pythons (D:1)
  A frilled lizard (D:2)
  5 kobolds (D:1)
  4 rats
26 creatures vanquished.

Notes
Turn   | Place    | Note
-------+----------+-------------------------------------------
     0 | D:1      | Revguard the Gargoyle Fighter began the quest for the Orb.
     0 | D:1      | Reached XP level 1. HP: 14/14 MP: 1/1
   324 | D:1      | Reached XP level 2. HP: 19/19 MP: 2/2
   427 | D:1      | Found a faded altar of an unknown god.
   745 | D:1      | Reached XP level 3. HP: 23/23 MP: 3/3
  1130 | D:2      | Noticed Sigmund
  1137 | D:2      | Slain by Sigmund

Illustrated notes

Levels and vault maps discovered:
D:1:      dpeg_arrival_ternary, layout_rooms, serial_co_window_serial,
          co_window_paths_b, co_window_paths_b, co_window_corner_a,
          co_window_corner_a, co_window_of_opportunity_a,
          co_window_of_opportunity_b, co_window_cross_3, co_window_broadway_a,
          co_window_unsneaky_path_d, co_window_broadway_b,
          co_window_unsneaky_path_a, co_window_unsneaky_path_b, glass_columns_a,
          ebering_ecumenical_altar_box, minivault_24, minmay_octomino_c4
D:2:      layout_rooms, serial_undead, serial_undead_c, serial_undead_c,
          serial_undead_d, serial_undead_d, uniq_sigmund

Skill      XL: |  1  2 |
---------------+-------+-----
Long Blades    | 2 |  2.1
Fighting       | |  3.5
Armour         | |  3.4
Dodging        | |  0.3
Shields        | |  3.4
Invocations    | |  0.9
Evocations     | |  0.5

Action                     || total
---------------------------++-------
  Melee: Long sword        ||    99
    Use: Potion            ||     1
 Armour: Scale mail        ||   119
  Dodge: Dodged            ||    49
  Block: Buckler           ||    22

Table legend: (Time is in decaauts)
 A = Elapsed time spent in this place.
 B = Non-inter-level travel time spent in this place.
 C = Inter-level travel time spent in this place.
 D = Time resting spent in this place.
 E = Time spent auto-exploring this place.
 F = Levels seen in this place.
 G = Mean time per level.
                   A        B        C        D        E       F      G
               +--------+--------+--------+--------+--------+-----+--------+
         Total |   1169 |   1150 |     19 |      0 |    905 |   2 |  584.5 |
       Dungeon |   1169 |   1150 |     19 |      0 |    905 |   2 |  584.5 |
               +--------+--------+--------+--------+--------+-----+--------+

Top non-repeatable levels by time:
     D:1: 1160 daAuts
     D:2: 9 daAuts
